 Dungeon Crawl Stone Soup version 0.26-a0-720-g2a1d101370 (webtiles) character file.

Game seed: 6363845870919813929

4339 mhtbhm the Cleaver (level 10, -7/91 HPs)
             Began as a Minotaur Berserker on Nov 3, 2020.
             Was a High Priest of Trog.
             Mangled by an eight-headed hydra (11 damage)
             ... on level 1 of the Lair of Beasts.
             The game lasted 00:12:31 (9729 turns).

mhtbhm the Cleaver (Minotaur Berserker)             Turns: 9729, Time: 00:12:31

Health: -7/91      AC:  9    Str: 26    XL:     10   Next: 12%
Magic:  9/9        EV: 13    Int:  4    God:    Trog [*****.]
Gold:   687        SH:  0    Dex:  9    Spells: 9/9 levels left

rFire    + . .     SeeInvis +   a - +4 hand axe
rCold    . . .     Faith    +   (no shield)
rNeg     . . .     Spirit   .   b - +0 ring mail
rPois    .         Reflect  .   (helmet restricted)
rElec    .         Harm     .   (no cloak)
rCorr    .         Rampage  .   (no gloves)
MR       .....                  x - +1 pair of boots
Stlth    +.........             v - amulet of faith
HPRegen  0.25/turn              g - ring of see invisible
MPRegen  0.11/turn              D - ring of protection from fire

@: no status effects
A: retaliatory headbutt, horns 2
a: Berserk, Trog's Hand, Brothers in Arms, Renounce Religion


You were on level 1 of the Lair of Beasts.
You worshipped Trog.
Trog was extremely pleased with you.
You visited 2 branches of the dungeon, and saw 9 of its levels.

You collected 687 gold pieces.

Inventory:

Hand Weapons
 a - a +4 hand axe (weapon)
 y - a +2 whip of electrocution
Missiles
 m - 28 poisoned darts
 I - 5 silver javelins
 J - 14 curare-tipped darts (quivered)
Armour
 b - a +0 ring mail (worn)
 x - a +1 pair of boots (worn)
Jewellery
 g - a ring of see invisible (left hand)
 t - an uncursed ring of ice
 v - an amulet of faith (around neck)
 D - a ring of protection from fire (right hand)
Wands
 u - a wand of disintegration (23)
 w - a wand of paralysis (6)
 z - a wand of enslavement (11)
 K - a wand of acid (12)
Scrolls
 c - 3 scrolls of blinking
 d - 3 scrolls of teleportation
 i - a scroll of enchant armour {unknown}
 n - 3 scrolls of magic mapping
 p - 2 scrolls of fog
 r - 2 scrolls of remove curse
 A - a scroll of fear {unknown}
 E - a scroll of summoning {unknown}
 G - a scroll of random uselessness {unknown}
Potions
 e - 6 potions of heal wounds
 f - 3 potions of might
 h - 7 potions of curing {unknown}
 j - a potion of brilliance {unknown}
 l - 4 potions of stabbing {unknown}
 o - 2 potions of cancellation {unknown}
 q - 2 potions of lignification {unknown}
 s - 2 potions of haste {unknown}
 B - 2 potions of ambrosia {unknown}
 C - a potion of berserk rage {unknown}
 H - a potion of flight {unknown}


   Skills:
 + Level 9.1 Fighting
 + Level 11.4 Axes
 + Level 8.5 Armour
 + Level 6.1 Dodging
 + Level 2.4 Stealth


You had 9 spell levels left.
You didn't know any spells.
Your spell library was empty.

Dungeon Overview and Level Annotations

Branches:
Dungeon (8/15)             Temple (0/1) D:6            Lair (1/6) D:8

Altars:
Elyvilon
Fedhas
Nemelex Xobeh
Ru
Trog
Wu Jian


Innate Abilities, Weirdness & Mutations

You reflexively headbutt those who attack you in melee.
You have a pair of horns on your head.


Message History

The eight-headed hydra completely misses you.
The eight-headed hydra bites you! The eight-headed hydra bites you.
The eight-headed hydra barely misses you. x2
The eight-headed hydra bites you! The eight-headed hydra bites you.
* * * LOW HITPOINT WARNING * * *
The eight-headed hydra bites you!
* * * LOW HITPOINT WARNING * * *
The eight-headed hydra closely misses you.
The eight-headed hydra barely misses you.
The eight-headed hydra bites you but does no damage.
There is a staircase back to the Dungeon, spattered with blood here.
The eight-headed hydra closely misses you.
The eight-headed hydra bites you!
* * * LOW HITPOINT WARNING * * *
The eight-headed hydra barely misses you.
The eight-headed hydra bites you.
* * * LOW HITPOINT WARNING * * *
The eight-headed hydra bites you but does no damage.
The eight-headed hydra bites you!
You die...

..## #####.....####
...........#P###
#.............####
##................####
#.....................
#.............=...#
#................##
#..@...†.........#
#####.D............##
!.................##
...................#
.........>.........##
.8...+.............#
.....#............##
...####P...........#
.#######.........##


You could see an eight-headed hydra.

Vanquished Creatures
  A two-headed ogre (D:8)
  Pikel (D:8)
  Prince Ribbit (D:8)
  A water moccasin (D:7)
  An orc warrior (D:8)
  A black bear (D:8)
  An ice beast (D:7)
  A phantom (D:6)
  3 ogres
  2 centaurs (D:7)
  3 bullfrogs
  A big kobold (D:8)
  A wyvern skeleton (D:7)
  5 scorpions
  6 killer bees (D:8)
  5 wights (D:8)
  A centaur zombie (D:5)
  2 centaur skeletons
  2 hounds
  2 jellies
  2 bullfrog skeletons
  2 orc priests (D:8)
  9 orc wizards
  Jessica (D:2)
  5 iguanas
  Terence (D:2)
  4 worker ants
  A howler monkey zombie (D:8)
  8 gnolls (D:3)
  A howler monkey skeleton (D:8)
  6 adders
  2 shadow imps
  2 white imps
  An ufetubus (D:8)
  An ooze (D:1)
  An adder zombie (D:7)
  2 adder skeletons (D:4)
  3 dart slugs
  8 leopard geckos
  27 orcs
  3 giant cockroaches
  7 goblins
  11 hobgoblins
  9 jackals
  3 quokkas (D:3)
  10 bats
  5 frilled lizards
  A jackal skeleton (D:7)
  A jackal zombie (D:8)
  9 kobolds
  A quokka zombie (D:7)
  12 rats
200 creatures vanquished.

Vanquished Creatures (others)
  18 fungi (D:8)
  12 plants (D:8)
30 creatures vanquished.

Grand Total: 230 creatures vanquished

Notes
Turn   | Place    | Note
-------+----------+-------------------------------------------
     0 | D:1      | mhtbhm the Minotaur Berserker began the quest for the Orb.
     0 | D:1      | Reached XP level 1. HP: 19/19 MP: 0/0
   220 | D:1      | Reached skill level 4 in Axes
   259 | D:1      | Reached XP level 2. HP: 26/27 MP: 1/1
   483 | D:1      | Reached XP level 3. HP: 23/33 MP: 2/2
   789 | D:2      | Noticed Terence
   791 | D:2      | Reached ** piety under Trog
   794 | D:2      | Noticed Jessica
   797 | D:2      | Killed Terence
   804 | D:2      | Killed Jessica
   804 | D:2      | Reached XP level 4. HP: 7/41 MP: 3/3
  1170 | D:2      | Found a white marble altar of Elyvilon.
  1295 | D:2      | Reached XP level 5. HP: 39/47 MP: 4/4
  1457 | D:2      | Found a sparkling altar of Nemelex Xobeh.
  1870 | D:3      | Reached skill level 5 in Axes
  2050 | D:3      | Reached *** piety under Trog
  2784 | D:4      | Noticed an ogre
  2787 | D:4      | Killed an ogre
  2787 | D:4      | Reached XP level 6. HP: 55/55 MP: 5/5
  2806 | D:4      | Reached skill level 5 in Fighting
  2828 | D:4      | Reached skill level 1 in Stealth
  2833 | D:4      | Reached skill level 6 in Axes
  2982 | D:4      | Reached **** piety under Trog
  3088 | D:4      | Reached XP level 7. HP: 57/61 MP: 6/6
  3327 | D:5      | Entered Level 5 of the Dungeon
  3346 | D:5      | Reached skill level 5 in Armour
  3396 | D:5      | You fall into a shaft and drop 2 floors!
  3422 | D:7      | Reached skill level 7 in Axes
  3447 | D:7      | HP: 3/61 [poisoned by a water moccasin]
  3454 | D:7      | HP: 3/61 [poisoned by a water moccasin]
  3462 | D:7      | HP: 2/61 [poisoned by a water moccasin]
  4342 | D:6      | Reached skill level 8 in Axes
  4342 | D:6      | Reached XP level 8. HP: 37/70 MP: 7/7
  4646 | D:6      | Found a staircase to the Ecumenical Temple.
  6409 | D:7      | Reached skill level 9 in Axes
  6409 | D:7      | Reached skill level 5 in Dodging
  6933 | D:7      | Reached ***** piety under Trog
  7143 | D:7      | Reached XP level 9. HP: 51/79 MP: 8/8
  7982 | D:8      | Reached skill level 10 in Axes
  8216 | D:8      | Noticed Pikel
  8224 | D:8      | Killed Pikel
  8310 | D:8      | Found a staircase to the Lair.
  8663 | D:8      | Reached skill level 11 in Axes
  8699 | D:8      | Noticed Prince Ribbit
  8709 | D:8      | Killed Prince Ribbit
  8958 | D:8      | Found a blossoming altar of Fedhas.
  8958 | D:8      | Found a bloodstained altar of Trog.
  8958 | D:8      | Noticed a two-headed ogre
  8972 | D:8      | HP: 4/123 [two-headed ogre/cursed -3 giant club (15)]
  8973 | D:8      | Killed a two-headed ogre
  8973 | D:8      | Reached XP level 10. HP: 5/91 MP: 9/9
  9421 | D:8      | Found a faded altar of an unknown god.
  9423 | D:8      | Found an ornate altar of the Wu Jian Council.
  9425 | D:8      | Found a sacrificial altar of Ru.
  9597 | Lair:1   | Entered Level 1 of the Lair of Beasts
  9667 | Lair:1   | Noticed an eight-headed hydra
  9729 | Lair:1   | HP: 4/91 [eight-headed hydra (6)]
  9729 | Lair:1   | Mangled by an eight-headed hydra

Illustrated notes

Levels and vault maps discovered:
D:1:      saegor_arrival_simple_c, layout_basic, minivault_19, st_stairs_6
D:2:      layout_rooms, lemuel_round_altar, nemelex_altar_shiori, uniq_terence,
          uniq_jessica
D:3:      layout_rooms
D:4:      layout_rooms, minmay_joined_circles
D:5:      layout_loops_ring
D:6:      layout_loops_ring, minmay_temple_entry_offerings
D:7:      layout_loops_ring
D:8:      layout_basic, chequers_temple_overflow_minitemple,
          grunt_lair_entry_orc_guard_hut, uniq_pikel, uniq_prince_ribbit1
Lair:1:   layout_cave_pods, lemuel_fruit_tree, grunt_megastairs_3

Skill      XL: |  1  2  3  4  5  6  7  8  9 |
---------------+----------------------------+-----
Axes           | 4 5 6 8 9 11 | 11.4
Fighting       | 4 5 6 7 9 |  9.1
Armour         | 3 4 5 7 8 |  8.5
Dodging        | 3 4 5 6 |  6.1
Stealth        | 1 2 |  2.4

Action                   |  1- 3 |  4- 6 |  7- 9 | 10-12 || total
-------------------------+-------+-------+-------+-------++-------
Melee: Hand axe          |    55 |   136 |   358 |     6 ||   555
       Headbutt          |     6 |    24 |    74 |     2 ||   106
Invok: Berserk           |       |     1 |     3 |       ||     4
  Use: Scroll            |       |     4 |     1 |     6 ||    11
Armor: Animal skin       |     7 |       |       |       ||     7
       Ring mail         |    14 |    39 |    93 |     3 ||   149
Dodge: Dodged            |    43 |   106 |   200 |    12 ||   361

Table legend: (Time is in decaauts)
 A = Elapsed time spent in this place.
 B = Non-inter-level travel time spent in this place.
 C = Inter-level travel time spent in this place.
 D = Time resting spent in this place.
 E = Time spent auto-exploring this place.
 F = Levels seen in this place.
 G = Mean time per level.
                   A        B        C        D        E       F      G
               +--------+--------+--------+--------+--------+-----+--------+
         Total |   9723 |   9723 |      0 |   3700 |   4193 |   9 | 1080.3 |
       Dungeon |   9641 |   9641 |      0 |   3672 |   4188 |   8 | 1205.1 |
          Lair |     81 |     81 |      0 |     28 |      5 |   1 |   81.0 |
               +--------+--------+--------+--------+--------+-----+--------+

Top non-repeatable levels by time:
     D:8: 2173 daAuts
     D:7: 1860 daAuts
     D:6: 1260 daAuts
     D:2: 1084 daAuts
     D:5: 1003 daAuts
     D:3: 901 daAuts
     D:1: 790 daAuts
     D:4: 567 daAuts
  Lair:1: 81 daAuts
